 Dungeon Crawl Stone Soup version 0.32-a0-841-g4648e6c457 (webtiles) character file.

Game seed: 15235493834013949286

110730 porpoise the End of an Era (level 16, -11/122 HPs)
             Began as a Demonspawn Fighter on Mar 26, 2024.
             Was the Champion of Qazlal.
             Mangled by a radroach (18 damage)
             ... on level 3 of the Lair of Beasts on Mar 27, 2024.
             The game lasted 01:28:30 (30155 turns).

porpoise the End of an Era (Demonspawn Fighter)    Turns: 30155, Time: 01:28:31

Health: -11/122    AC: 18    Str: 24    XL:     16   Next: 7%
Magic:  0/30       EV: 15    Int:  9    God:    Qazlal [******]
Gold:   1126       SH:  0    Dex: 15    Spells: 15/15 levels left

rFire   . . .        a - +5 broad axe (flame)
rCold   . . .        e - +2 buckler of Tuesm {rPois Dex+2 SInv}
rNeg    . . .        P - +1 chain mail {rPois}
rPois   +            p - +0 helmet
rElec   .            O - +0 cloak
rCorr   .            T - +0 pair of gloves
SInv    +            (boots unavailable)
Will    +....        f - amulet of reflection Stlth
                     N - +4 ring of protection
HPRegen 0.40/turn    i - +5 ring of evasion
MPRegen 0.44/turn

%: repel missiles, reflection, guardian spirit
@: confused, ambrosia-drunk, corroded, contaminated, glowing, studying Armour
A: hooves 3, magic shield, magic regeneration, sharp scales 3, demonic magic 1
a: Renounce Religion, Upheaval, Elemental Force, Disaster Area


You were on level 3 of the Lair of Beasts.
You worshipped Qazlal.
Qazlal was exalted by your worship.
You visited 6 branches of the dungeon, and saw 25 of its levels.

You collected 2377 gold pieces.
You spent 1251 gold pieces at shops.

Inventory:

Hand Weapons
 a - a +5 broad axe of flaming (weapon)
 b - the +0 hand cannon of Naqegg {drain, Will+}
   (You bought it in a shop on level 2 of the Orcish Mines)

   Will+:     It increases your willpower.
Armour
 e - the +2 buckler of Tuesm (worn) {rPois Dex+2 SInv}
   (You acquired it on level 1 of the Elven Halls)

   Dex+2:     It affects your dexterity (+2).
   rPois:     It protects you from poison.
   SInv:      It lets you see invisible.
 p - a +0 helmet (worn)
 O - a +0 cloak (worn)
 P - a +1 chain mail of poison resistance (worn)
 T - a +0 pair of gloves (worn)
Jewellery
 f - an amulet of reflection (around neck)
 i - a +5 ring of evasion (right hand)
 A - the ring "Anaqit" {Wiz SInv}
   (You found it on level 3 of the Dungeon)

   [ring of wizardry]

   Wiz:       It improves your spell success rate.
   SInv:      It lets you see invisible.
 H - a ring of positive energy
 N - a +4 ring of protection (left hand)
 S - a ring of fire
Wands
 g - a wand of digging (3)
 m - a wand of mindburst (11)
 F - a wand of warping (20) (quivered)
 I - a wand of quicksilver (6)
 K - a wand of polymorph (7)
 L - a wand of paralysis (21)
Scrolls
 h - a scroll of enchant armour
 l - 4 scrolls of teleportation
 t - 4 scrolls of poison
 v - 4 scrolls of revelation
 w - 8 scrolls of identify
 G - 5 scrolls of vulnerability
 Q - 5 scrolls of fog
Potions
 j - 7 potions of curing
 o - a potion of enlightenment
 s - a potion of ambrosia
 u - 5 potions of lignification
 z - 4 potions of attraction
 J - 6 potions of cancellation
 M - a potion of resistance
 V - a potion of invisibility
 W - 2 potions of might
 Y - a potion of berserk rage
Miscellaneous
 x - a lightning rod (4/4)
 y - a tin of tremorstones (inert)


   Skills:
 * Level 10.2 Fighting
 - Level 18.0 Axes
 * Level 7.7 Armour
 - Level 7.0 Dodging
 - Level 7.0 Shields
 + Level 20.2 Invocations
 - Level 8.0 Evocations


You had 15 spell levels left.
You didn't know any spells.
Your spell library contained the following spells:

 Spells                   Type           Power      Damage    Failure   Level
 Apportation              Tloc           0%         N/A       92%         1
 Shock                    Conj/Air       0%         1d3       92%         1
 Slow                     Hex            0%         N/A       92%         1
 Cigotuvi's Dreadful Rot  Necr/Alch/Air  0%         N/A       98%         2
 Ensorcelled Hibernation  Hex/Ice        0%         N/A       98%         2
 Jinxbite                 Hex            0%         N/A       98%         2
 Lesser Beckoning         Tloc           0%         N/A       98%         2
 Static Discharge         Conj/Air       0%         3-3/arc   98%         2
 Confusing Touch          Hex            0%         N/A       100%        3
 Fugue of the Fallen      Necr           0%         N/A       100%        3
 Gell's Gravitas          Tloc           0%         N/A       100%        3
 Ozocubu's Armour         Ice            0%         N/A       100%        3
 Passwall                 Erth           0%         N/A       100%        3
 Stone Arrow              Conj/Erth      0%         3d7       100%        3
 Swiftness                Air            0%         N/A       100%        3
 Teleport Other           Tloc           0%         N/A       100%        3
 Vampiric Draining        Necr           0%         2d6       100%        3
 Airstrike                Air            0%         2d(0-16)  100%        4
 Animate Armour           Summ/Erth      0%         N/A       100%        4
 Flame Wave               Conj/Fire      0%         2d4       100%        4
 Leda's Liquefaction      Alch/Erth      0%         N/A       100%        4
 Manifold Assault         Tloc           0%         N/A       100%        4
 Passage of Golubria      Tloc           0%         N/A       100%        4
 Petrify                  Alch/Erth      0%         N/A       100%        4
 Alistair's Intoxication  Alch           0%         N/A       100%        5
 Iskenderun's Battlesphe  Conj           0%         2d6       100%        5
 Metabolic Englaciation   Hex/Ice        0%         N/A       100%        5
 Summon Forest            Summ/Tloc      0%         N/A       100%        5
 Summon Mana Viper        Hex/Summ       0%         N/A       100%        5
 Bombard                  Conj/Erth      0%         9d1       100%        6
 Summon Cactus Giant      Summ           0%         N/A       100%        6
 Spellforged Servitor     Conj/Summ      0%         N/A       100%        7
 Discord                  Hex            0%         N/A       100%        8
 Lehudib's Crystal Spear  Conj/Erth      0%         10d2      100%        8


Dungeon Overview and Level Annotations

Branches:
Dungeon (15/15)            Temple (1/1) D:7            Lair (5/5) D:10
 Shoals (0/4) Lair:2       Spider (1/4) Lair:3        Slime (0/5) Lair:5
    Orc (2/2) D:11            Elf (1/3) Orc:2        Vaults (0/5) D:14
 Depths (0/4) D:15

Altars:
Ashenzari
Cheibriados
Dithmenos
Fedhas
Gozag
Hepliaklqana
Kikubaaqudgha
Makhleb
Nemelex Xobeh
Okawaru
Qazlal
Ru
Sif Muna
Trog
Uskayaw
Vehumet
Wu Jian
Xom
Yredelemnul
Jiyva

Shops:
D:5 (:   D:6 [   Orc:2 *(!:

Portals:
Pandemonium: Orc:2

Annotations:
D:10 3 runed translucent doors
Spider:1 Jorgrun
Elf:1 Roxanne


Innate Abilities, Weirdness & Mutations

You have hooves in place of feet.
When hurt, damage is shared between your health and your magic reserves.
You regenerate magic rapidly.
You are completely covered in razor-sharp scales. (AC +3, Slay +3)
Spells you cast may paralyse adjacent enemies.


Message History

The radroach is heavily wounded.
You miss the tarantella.
The tarantella touches you but does no damage.
You are caught in the web!
The tarantella touches you. x2
You are afflicted by dizzying energies!
You are more confused.
There is a web here.
You disentangle yourself.
The tarantella touches you but does no damage.
The tarantella touches you. The tarantella closely misses you.
The radroach closely misses you. The radroach completely misses you.
The tarantella barely misses you.
You barely miss the tarantella. Your kick misses the tarantella.
The tarantella is severely wounded.
You closely miss the radroach. The tarantella closely misses you.
The radroach erupts in a fountain of uncontrolled magic!
You are blasted with magical radiation!!!
You are very lightly contaminated with residual magic.
You slash the tarantella! You burn the tarantella.
You kill the tarantella!
Qazlal accepts your kill.
You hit the radroach but do no damage.
The radroach erupts in a fountain of uncontrolled magic!
You are blasted with magical radiation!!!
* * * LOW HITPOINT WARNING * * *
You are contaminated with residual magic.
You barely miss the radroach.
You kick the radroach, but do no damage.
The radroach is heavily wounded.
You feel better.
The radroach erupts in a fountain of uncontrolled magic!
You are blasted with magical radiation!!!
* * * LOW HITPOINT WARNING * * *
Okay, then.
You are confused.
You feel invigorated.
The radroach waves its antennae.
The radroach erupts in a fountain of uncontrolled magic!
You are blasted with magical radiation!!
You die...

..##.#.......<.#....######.......
....................###.###......
####[.............^.........P....
# ##.#....P...^.^^......P######.
# #####.....^^.^^^.^....# #P
#..#.....^.^^.^^#P# ##
####....°.○^.^..###
#.^§^B.°^^.^.## ##.☼☼@^^^^^^..#
##....☼§......# #..°^^°○^....###
##...^.^.......#
##.............###
#.#..P.##........##
###..#.####.#.....# # ##..##
#####P..#### #...### ##..##..


You could see a radroach.

Vanquished Creatures
  Kirke (D:14)
  Aizul (Elf:1)
  A deep elf demonologist (Elf:1)
  Nessos (D:14)
  7 vault guards (D:14)
  2 hydras
  3 demonspawn (Orc:2)
  4 boulder beetles
  4 centaur warriors
  5 dancing weapons (Elf:1)
  4 two-headed ogres
  A tengu warrior (D:15)
  3 death yaks
  2 occultists (D:15)
  7 orc high priests
  A deep elf knight (Elf:1)
  2 hell knights (D:15)
  Nergalle (Lair:1)
  2 sun demons (Orc:2)
  A deep troll (D:15)
  A skyshark (Lair:5)
  2 goliath frogs (Lair:5)
  2 flayed ghosts (D:15)
  2 deep elf archers
  A glowing orange brain (shapeshifter) (Elf:1)
  2 orc knights (Orc:2)
  A harpy (shapeshifter) (Elf:1)
  2 deep elf zephyrmancers (Elf:1)
  A necromancer (D:15)
  A steelbarb worm (Lair:3)
  3 harpies (Lair:2)
  4 wolf spiders (Lair:3)
  An obsidian bat (Orc:1)
  5 ugly things
  6 deep elf pyromancers
  4 manticores
  A faun (shapeshifter) (Elf:1)
  2 cyclopes
  2 manticores (shapeshifter)
  5 orc sorcerers (Orc:2)
  A meliai (shapeshifter) (D:15)
  A moth of wrath (Lair:3)
  3 meliai (D:13)
  9 elephants
  5 kobold blastminers
  A guardian serpent (shapeshifter) (Elf:1)
  2 rust devils (Orc:2)
  7 black mambas
  A gargoyle (D:10)
  A freezing wraith (D:12)
  15 cane toads
  5 rime drakes
  7 kobold demonologists
  2 efreet
  An unseen horror (D:13)
  14 komodo dragons
  3 tengu conjurers (D:15)
  5 trolls
  A polar bear (Lair:1)
  A troll (shapeshifter) (Elf:1)
  A polar bear (shapeshifter) (Elf:1)
  3 tyrant leeches (Lair:5)
  A hornet (D:10)
  5 tarantellas
  20 blink frogs
  7 dream sheep (Lair:5)
  A centaur simulacrum (D:14)
  A shadow (D:9)
  A yak (shapeshifter) (D:15)
  A jumping spider (Spider:1)
  A slime creature (D:12)
  A vampire (D:11)
  Sigmund (D:2)
  3 wraiths
  4 wyverns
  3 humans (D:14)
  9 basilisks
  A fire elemental (Elf:1)
  7 wargs
  43 yaks
  3 hogs (D:14)
  8 redbacks
  A steam dragon (D:9)
  15 vampire mosquitoes
  A naga (shapeshifter) (Elf:1)
  2 acid dragons
  15 water moccasins
  A sky beast (D:8)
  35 orc warriors
  8 black bears
  3 laughing skulls
  3 wolves
  9 ogres
  A boggart (shapeshifter) (D:15)
  14 centaurs
  2 phantoms (D:4)
  22 bullfrogs
  A brain worm (D:5)
  2 earth elementals (Elf:1)
  6 kobold brigands
  A gnoll sergeant (D:11)
  7 scorpions
  3 wights (D:8)
  5 killer bees (D:8)
  2 howler monkeys
  An electric eel (Lair:2)
  6 bombardier beetles
  5 hounds
  4 jellies
  22 orc priests
  A gnoll bouda (D:8)
  6 iguanas
  Natasha (thrice) (D:3)
  15 orc wizards
  6 gnolls
  7 adders
  3 shadow imps
  A white imp (D:6)
  2 ufetubi (D:5)
  3 ribbon worms
  64 orcs
  9 ball pythons
  3 bats
  4 endoplasms
  7 giant cockroaches
  10 goblins
  4 hobgoblins
  10 kobolds
  6 quokkas
  2 frilled lizards
  2 rats
676 creatures vanquished.

Vanquished Creatures (collateral kills)
  A human (D:14)
1 creature vanquished.

Vanquished Creatures (others)
  A vault guard (D:14)
  An orc knight (Orc:2)
  An orc sorcerer (Orc:2)
  An orc warrior (Elf:1)
4 creatures vanquished.

Grand Total: 681 creatures vanquished

Notes
Turn   | Place    | Note
-------+----------+-------------------------------------------
     0 | D:1      | porpoise the Demonspawn Fighter began the quest for the
                  | Orb.
     0 | D:1      | Reached XP level 1. HP: 18/18 MP: 1/1
   253 | D:1      | Gained mutation: You are partially covered in razor-sharp
                  | scales. (AC +1, Slay +1) [demonic ancestry]
   253 | D:1      | Reached XP level 2. HP: 24/24 MP: 2/2
   740 | D:2      | Found a broken altar of Ashenzari.
   750 | D:2      | Noticed Sigmund
   755 | D:2      | Gained mutation: You regenerate magic rapidly. [demonic
                  | ancestry]
   755 | D:2      | Reached XP level 3. HP: 25/29 MP: 3/3
   759 | D:2      | Killed Sigmund
   760 | D:2      | Reached XP level 4. HP: 17/37 MP: 4/4
   760 | D:2      | Reached XP level 5. HP: 19/42 MP: 5/5
  1267 | D:2      | Identified the +2 robe "Mafeamp" {Will+}
  1484 | D:2      | Found a faded altar of an unknown god.
  1683 | D:3      | You fall into a shaft and drop 2 floors!
  1683 | D:5      | Entered Level 5 of the Dungeon
  1683 | D:5      | Found Kuczaug's Book Emporium.
  1689 | D:5      | Found a broken altar of Ashenzari.
  1740 | D:4      | Noticed a black bear
  1749 | D:4      | Killed a black bear
  1750 | D:4      | Gained mutation: You are mostly covered in razor-sharp
                  | scales. (AC +2, Slay +2) [demonic ancestry]
  1750 | D:4      | Reached XP level 6. HP: 49/49 MP: 6/6
  1887 | D:4      | Found a bloodstained altar of Trog.
  2035 | D:4      | Found a burning altar of Makhleb.
  2117 | D:3      | Identified the ring "Anaqit" {Wiz SInv}
  2198 | D:3      | Noticed Natasha
  2212 | D:3      | Killed Natasha
  2815 | D:3      | Noticed Natasha
  2823 | D:3      | Killed Natasha
  2824 | D:3      | Reached skill level 5 in Axes
  3076 | D:3      | Noticed Natasha
  3079 | D:3      | Killed Natasha
  3080 | D:3      | Gained mutation: You are completely covered in razor-sharp
                  | scales. (AC +3, Slay +3) [demonic ancestry]
  3080 | D:3      | Reached XP level 7. HP: 53/55 MP: 7/7
  3402 | D:4      | Found a shadowy altar of Dithmenos.
  3613 | D:4      | Found a snail-covered altar of Cheibriados.
  3635 | D:4      | Reached skill level 5 in Fighting
  4136 | D:4      | Reached skill level 5 in Shields
  4136 | D:4      | Gained mutation: You have large cloven feet. [demonic
                  | ancestry]
  4136 | D:4      | Reached XP level 8. HP: 58/63 MP: 8/8
  4162 | D:4      | Got the Thoughts on Profulgent Transmutation
  4513 | D:5      | Found Jenk's Antique Weapon Emporium.
  4522 | D:5      | Bought a runed war axe for 182 gold pieces
  4522 | D:5      | Bought a broad axe for 112 gold pieces
  4661 | D:5      | Found an iron altar of Okawaru.
  4823 | D:5      | Reached skill level 1 in Evocations
  5034 | D:5      | Found a shimmering altar of Xom.
  5034 | D:5      | Found a shimmering altar of Xom.
  5148 | D:5      | Found a sacrificial altar of Ru.
  5495 | D:6      | Found Dacw's Armour Emporium.
  5521 | D:6      | Bought a +1 chain mail of poison resistance for 189 gold
                  | pieces
  5936 | D:6      | Gained mutation: When hurt, damage is shared between your
                  | health and your magic reserves. [demonic ancestry]
  5936 | D:6      | Reached XP level 9. HP: 71/71 MP: 9/9
  6107 | D:7      | Found a staircase to the Ecumenical Temple.
  6127 | Temple   | Entered the Ecumenical Temple
  6135 | Temple   | Became a worshipper of Qazlal Stormbringer
  6565 | D:7      | Found an opulent altar of Gozag.
  6645 | D:7      | Reached skill level 1 in Invocations
  6877 | D:8      | Reached skill level 2 in Invocations
  7006 | D:8      | Reached skill level 3 in Invocations
  7576 | D:8      | Found a hide-covered altar of Uskayaw.
  7590 | D:8      | Reached * piety under Qazlal
  7679 | D:8      | Reached skill level 4 in Invocations
  7782 | D:9      | Noticed a troll
  7789 | D:9      | Killed a troll
  7838 | D:9      | Noticed a deep elf pyromancer
  7844 | D:9      | Killed a deep elf pyromancer
  7845 | D:9      | Reached skill level 5 in Invocations
  7845 | D:9      | Reached skill level 5 in Evocations
  7845 | D:9      | Gained mutation: You have hoof-like feet. [demonic
                  | ancestry]
  7845 | D:9      | Reached XP level 10. HP: 67/79 MP: 11/13
  7847 | D:9      | Noticed a two-headed ogre
  7859 | D:9      | Killed a two-headed ogre
  7860 | D:9      | Reached skill level 10 in Axes
  7973 | D:9      | Noticed a two-headed ogre
  7979 | D:9      | Killed a two-headed ogre
  7980 | D:9      | Reached skill level 6 in Invocations
  8135 | D:9      | Reached skill level 7 in Invocations
  8138 | D:9      | Reached ** piety under Qazlal
  8807 | D:10     | Entered Level 10 of the Dungeon
  8807 | D:10     | Noticed a two-headed ogre
  8813 | D:10     | Killed a two-headed ogre
  8814 | D:10     | Reached skill level 8 in Invocations
  8822 | D:10     | Noticed a gargoyle
  8829 | D:10     | Killed a gargoyle
  8856 | D:10     | Found a runed translucent gate.
  8856 | D:10     | Found a runed translucent gate.
  8856 | D:10     | Found a runed translucent gate.
  8856 | D:10     | Noticed a green ugly thing
  8856 | D:10     | Noticed a red ugly thing
  8856 | D:10     | Noticed a steelbarb worm
  8856 | D:10     | Noticed a green ugly thing
  8856 | D:10     | Noticed a cyan ugly thing
  8856 | D:10     | Noticed a white ugly thing
  8857 | D:10     | a steelbarb worm changed into a merfolk
  8859 | D:10     | Noticed a purple ugly thing
  8861 | D:10     | a merfolk changed into an orb spider
  8861 | D:10     | Noticed an orb spider (glowing shapeshifter)
  8862 | D:10     | Noticed a glowing orange brain
  8889 | D:10     | Gained mutation: You have hooves in place of feet. [demonic
                  | ancestry]
  8889 | D:10     | Reached XP level 11. HP: 84/84 MP: 17/17
  9017 | D:10     | Found a staircase to the Lair.
  9126 | D:10     | Reached skill level 9 in Invocations
  9420 | D:10     | Found an ancient bone altar of Kikubaaqudgha.
  9478 | D:10     | Found an ornate altar of the Wu Jian Council.
  9690 | D:10     | a torpor snail changed into a shining eye
  9690 | D:10     | Noticed a shining eye (glowing shapeshifter)
  9725 | Lair:1   | Entered Level 1 of the Lair of Beasts
 10472 | Lair:1   | Reached skill level 10 in Invocations
 10688 | Lair:1   | Noticed Nergalle
 10703 | Lair:1   | Killed Nergalle
 11384 | Lair:2   | Reached skill level 1 in Dodging
 11498 | Lair:2   | Reached skill level 11 in Invocations
 11541 | Lair:2   | Reached XP level 12. HP: 91/91 MP: 20/20
 11606 | Lair:2   | Reached *** piety under Qazlal
 11733 | Lair:2   | Found a staircase to the Shoals.
 12561 | Lair:2   | Reached skill level 12 in Invocations
 12647 | Lair:2   | Noticed an eight-headed hydra
 12658 | Lair:2   | Killed a two-headed hydra
 12987 | Lair:3   | Identified a scroll of acquirement
 12987 | Lair:3   | Acquired a manual of Invocations
 13011 | Lair:3   | Reached skill level 5 in Armour
 13125 | Lair:3   | Identified the +0 robe "Ryllyace" {Int+3}
 13272 | Lair:3   | Reached **** piety under Qazlal
 13643 | Lair:3   | Found a hole to the Spider Nest.
 14126 | Lair:4   | Noticed a death yak
 14127 | Lair:4   | Noticed a death yak
 14133 | Lair:4   | Killed a death yak
 14133 | Lair:4   | Noticed a death yak
 14143 | Lair:3   | HP: 4/91 [black mamba (11)]
 14731 | Lair:4   | Reached skill level 5 in Dodging
 14733 | Lair:4   | Reached XP level 13. HP: 94/98 MP: 20/22
 14750 | Lair:4   | Reached skill level 13 in Invocations
 15776 | Lair:4   | Reached skill level 15 in Axes
 16679 | D:11     | Identified the +0 helmet "Decuonk" {Will- Regen+ Int+3
                  | Dex+3}
 16760 | D:11     | Reached skill level 14 in Invocations
 16984 | D:11     | Found a transporter.
 16986 | D:11     | Found a transporter.
 16990 | D:11     | Found a transporter.
 16997 | D:11     | Found a transporter.
 17179 | D:11     | Found a staircase to the Orcish Mines.
 17662 | D:12     | Reached ***** piety under Qazlal
 17965 | D:12     | Identified the +1 ring mail "Yluwepn" {^Drain Str+3 Dex+3
                  | Stlth+}
 18470 | Orc:1    | Entered Level 1 of the Orcish Mines
 19696 | Orc:2    | Entered Level 2 of the Orcish Mines
 19799 | Orc:2    | Reached skill level 15 in Invocations
 20243 | Orc:2    | Found a staircase to the Elven Halls.
 20603 | Orc:2    | Reached XP level 14. HP: 108/108 MP: 25/25
 20722 | Orc:2    | Found Piheasch's Distillery.
 20726 | Orc:2    | Found Seom Gon's General Store.
 20852 | Orc:2    | Reached skill level 16 in Invocations
 21256 | Orc:2    | Found Ulock's Book Emporium.
 21256 | Orc:2    | Found Vipeitri's Antique Weapon Shoppe.
 21257 | Orc:2    | Found a one-way gate leading to the halls of Pandemonium.
 21456 | Orc:2    | Bought a scroll of enchant weapon for 112 gold pieces
 21456 | Orc:2    | Bought a scroll of enchant armour for 112 gold pieces
 21456 | Orc:2    | Bought a scroll of identify for 30 gold pieces
 21458 | Orc:2    | Bought a potion of curing for 39 gold pieces
 21458 | Orc:2    | Bought a potion of curing for 39 gold pieces
 21458 | Orc:2    | Bought a potion of resistance for 130 gold pieces
 21487 | Orc:2    | Bought a warped hand cannon for 306 gold pieces
 21487 | Orc:2    | Identified the +0 hand cannon of Naqegg {drain, Will+} (You
                  | bought it in a shop on level 2 of the Orcish Mines)
 21752 | D:13     | Found a frozen archway.
 22878 | D:14     | Noticed Kirke
 22888 | D:14     | Killed Kirke
 22889 | D:14     | Reached skill level 17 in Invocations
 23753 | D:14     | Noticed Nessos
 23761 | D:14     | Killed Nessos
 23892 | D:14     | Gained mutation: Spells you cast may paralyse adjacent
                  | enemies. [demonic ancestry]
 23892 | D:14     | Reached XP level 15. HP: 113/113 MP: 27/27
 24095 | D:14     | Found a gate to the Vaults.
 24273 | D:15     | Entered Level 15 of the Dungeon
 24449 | D:15     | Reached ****** piety under Qazlal
 24564 | D:15     | Reached skill level 18 in Invocations
 24623 | D:15     | Found a staircase to the Depths.
 25764 | Lair:5   | Entered Level 5 of the Lair of Beasts
 25806 | Lair:5   | Reached skill level 19 in Invocations
 26450 | Lair:5   | Found a bloodstained altar of Trog.
 26542 | Lair:5   | Identified the +1 ring mail of Sueph {rN+ rCorr}
 26566 | Lair:5   | Found a staircase to the Slime Pits.
 26567 | Lair:5   | Found a viscous altar of Jiyva.
 27367 | Elf:1    | Entered Level 1 of the Elven Halls
 27778 | Elf:1    | Acquired the +2 buckler of Tuesm {rPois Dex+2 SInv}
 27807 | Elf:1    | Identified the serpent talisman of Recklessness {Str+5
                  | Int-5 Stlth+}
 27807 | Elf:1    | Noticed Aizul
 27827 | Elf:1    | Killed Aizul
 27846 | Elf:1    | Reached skill level 20 in Invocations
 27895 | Elf:1    | HP: 3/115 [+4 glaive of freezing (3)]
 28642 | Elf:1    | Acquired a manual of Armour
 28788 | Elf:1    | Found an ancient bone altar of Kikubaaqudgha.
 29346 | Elf:1    | Identified the ring of Imuxycve {rPois Will+ Stlth+}
 29349 | Elf:1    | Got the Compendium of Enchanted Elsewhere
 29390 | Elf:1    | Noticed Roxanne
 29750 | Lair:1   | Upgraded the game from 0.32-a0-834-geaf45d8e21 to
                  | 0.32-a0-841-g4648e6c457
 29823 | Spider:1 | Entered Level 1 of the Spider Nest
 29826 | Spider:1 | Reached skill level 10 in Fighting
 29827 | Spider:1 | Noticed Jorgrun
 29835 | Lair:3   | Reached XP level 16. HP: 95/122 MP: 24/30
 30154 | Lair:3   | HP: 3/122 [radroach (43)]
 30155 | Lair:3   | Mangled by a radroach

Illustrated notes

Levels and vault maps discovered:
D:1:      lightli_iron_boxes, layout_basic
D:2:      layout_basic, basic_altar, hellmonk_ecumenical_altar_heavens_door,
          uniq_sigmund
D:3:      layout_loops_corners, uniq_natasha
D:4:      minmay_polygon_palace, layout_basic, bloody_makhleb,
          cheibrodos_worm_habitat, mainiacjoe_overflow_small_starburst,
          mainiacjoe_overflow_alcove_2
D:5:      layout_loops_ring, xom_redecorated, nicolae_ashenzari_panopticon,
          hangedman_ru_absence, kennysheep_okawaru_gauntlet, serial_shops,
          nicolae_shop_trees, shop, amcnicky_mini_rare_corridor_liquid
D:6:      layout_loops_ring, serial_shops, nicolae_shop_tiny_statue_garden
D:7:      layout_rooms, pdpol_temple_overflow_zin_treasury_gozag_greed,
          minmay_temple_entry_trees
D:8:      layout_basic, mainiacjoe_overflow_24_doors, tso_metal_star
D:9:      layout_basic, serial_glass, glass_columns_a, glass_columns_a
D:10:     layout_irregular_city, lemuel_crystal_altar, marbit_many_paths,
          minmay_lair_entry_grove, ploomutoo_gammafunk_ghost_potion_laboratory
D:11:     layout_gridville, orc_0_dummy, serial_glass, glass_columns_c,
          glass_columns_a, nicolae_transporter_circle
D:12:     layout_cave_pools, minmay_holes, minmay_radiant
D:13:     layout_grid_maze, portal_ice_cave_rime, uniq_snorg
D:14:     layout_irregular_city, ximxim_vaults_locker_room, serial_column_ruins,
          column_ruins_open_large, column_ruins_open_small,
          column_ruins_columns_plus, column_ruins_columns_straight,
          good_gods_mini_temple, uniq_nessos, uniq_kirke
D:15:     kennysheep_seaside_town, layout_cave_pods, minivault_24,
          chequers_hall_statues_y
Temple:   hellmonk_temple_forest_ring
Lair:1:   layout_roguey, uniq_nergalle
Lair:2:   cheibrodos_lair_river_kwai, layout_regular_city,
          nicolae_shoals_entry_roost, serial_bayou_ford_a,
          small_statue_intersection, lemuel_fruit_tree
Lair:3:   layout_cave_pods, spider_nest_entry_web_field, beast_lair_carwin_4,
          infiniplex_staircase_pool, serial_bayou_shore_b
Lair:4:   layout_cave_pods, chequers_serial_rivers_room_b, lemuel_fruit_fields,
          grunt_megastairs_4
Lair:5:   minmay_lair_end_frog_pond, layout_regular_city, slime_entry_1,
          basic_altar, st_stairs_7
Spider:1: layout_spider_delve, uniq_jorgrun
Orc:1:    layout_caves, regret_index_minedec_devilstone
Orc:2:    pf_orc_diabolical, layout_diamond_mine
Elf:1:    layout_loops_cross, nicolae_elf_shapeshifter_party,
          lemuel_statue_altar, uniq_roxanne, uniq_aizul

Skill      XL: |  1  2  3  4  5  6  7  8  9 10 11 12 13 14 15 |
---------------+----------------------------------------------+-----
Axes           | 2 3 4 5 6 8 9 11 13 14 15 16 18 | 18.0
Shields        | 3 4 5 6 7 |  7.0
Fighting       | 4 5 6 7 9 10 | 10.2
Evocations     | 2 5 6 7 8 |  8.0
Invocations    | 5 8 11 12 15 17 20 | 20.2
Armour         | 3 5 6 7 |  7.7
Dodging        | 1 5 6 7 |  7.0

Action                     |  1- 3 |  4- 6 |  7- 9 | 10-12 | 13-15 | 16-18 || total
---------------------------+-------+-------+-------+-------+-------+-------++-------
  Melee: War axe           |    73 |    88 |   228 |   149 |       |       ||   538
         Kick              |       |       |    47 |   162 |   331 |    14 ||   554
         Broad axe         |       |       |    31 |   283 |   884 |    28 ||  1226
   Fire: Hand cannon       |       |       |       |       |    13 |       ||    13
  Throw: Dart              |       |     9 |    10 |     2 |       |       ||    21
         Boomerang         |       |       |       |       |    23 |       ||    23
 Invoke: Elemental Force   |       |       |       |       |     3 |       ||     3
         Disaster Area     |       |       |       |       |     1 |       ||     1
         Upheaval          |       |       |       |       |     1 |       ||     1
  Evoke: Wand              |       |       |     1 |       |     1 |       ||     2
         Tin of tremorston |       |       |       |       |     2 |       ||     2
    Use: Potion            |     1 |       |     1 |     5 |     6 |     2 ||    15
         Scroll            |       |       |    12 |    13 |    13 |       ||    38
   Stab: Paralysed         |       |       |       |       |     1 |       ||     1
         Distracted        |       |       |       |       |     2 |       ||     2
 Armour: Scale mail        |    53 |    63 |    82 |       |       |       ||   198
         Chain mail        |       |       |    90 |   266 |   434 |    41 ||   831
  Dodge: Dodged            |    28 |    34 |   124 |   216 |   349 |    42 ||   793
         Repelled          |       |       |       |       |    29 |       ||    29
  Block: Buckler           |    14 |    21 |    63 |   191 |   740 |    36 ||  1065
         Reflection        |       |       |       |       |    56 |       ||    56

Table legend: (Time is in decaauts)
 A = Elapsed time spent in this place.
 B = Non-inter-level travel time spent in this place.
 C = Inter-level travel time spent in this place.
 D = Time resting spent in this place.
 E = Time spent auto-exploring this place.
 F = Levels seen in this place.
 G = Mean time per level.
                   A        B        C        D        E       F      G
               +--------+--------+--------+--------+--------+-----+--------+
         Total |  30159 |  28194 |   1965 |   9308 |  13317 |  25 | 1206.4 |
       Dungeon |  15870 |  14742 |   1128 |   3462 |   8723 |  15 | 1058.0 |
        Temple |     16 |      1 |     15 |      0 |      0 |   1 |   16.0 |
          Lair |   8868 |   8330 |    538 |   3253 |   3264 |   5 | 1773.6 |
   Spider Nest |     15 |     15 |      0 |      0 |      0 |   1 |   15.0 |
  Orcish Mines |   3616 |   3349 |    267 |   1577 |    841 |   2 | 1808.0 |
   Elven Halls |   1771 |   1756 |     15 |   1015 |    488 |   1 | 1771.0 |
               +--------+--------+--------+--------+--------+-----+--------+

Top non-repeatable levels by time:
   Orc:2: 2385 daAuts
  Lair:1: 2081 daAuts
  Lair:3: 1981 daAuts
  Lair:2: 1856 daAuts
  Lair:4: 1839 daAuts
   Elf:1: 1771 daAuts
     D:4: 1516 daAuts
    D:14: 1286 daAuts
    D:10: 1271 daAuts
   Orc:1: 1230 daAuts
    D:15: 1209 daAuts
     D:3: 1159 daAuts
     D:5: 1148 daAuts
    D:11: 1133 daAuts
    D:12: 1113 daAuts
